Unix NetHack Version 5.0.0-0 post-release - last build Jun 10 2026 00:39:30 (3ee93aec679c4c4259841fe613dc97188e26a321,branch:main).

Game began 2026-07-05 02:52:52, ended 2026-07-05 03:30:06.

Brudee, chaotic female human Rogue

                                                                   |.--.--
                                                                 .......)-
                                                               ...........
                                                              |....|. ...
                                                            h--...-   ...
                                                            h@)..     -.....-
                                                            ....      |....<.|
                                                                      |...^..|
                                                                       .....--
                                                                       .-...--
                                                                       |.....|
                                                                       |.....|
                                                                       --..
                                                                        ---

Brudee the Rogue        St:15 Dx:18 Co:15 In:12 Wi:9 Ch:7  Chaotic S:2216
Dlvl:5  $:190 HP:0(38) Pw:24(24) AC:6  Xp:6/424 T:2966  Hungry   Burdened

Latest messages:
 The gnome misses!
 You hit the gnome.
 The gnome jumps onto a teleportation trap!
 You hear crashing rock.
 The bottle crashes on your head and breaks into shards.
 The pink potion evaporates.
 You feel somewhat dizzy.
 Call a pink potion: confusion
 You hit the gnome king!
 The gnome king hits!
 In what direction? h
 The dagger hits the gnome king.
 The gnome king hits!
 You feel less confused now.
 You hit the gnome king!
 The gnome king jumps onto a teleportation trap!
 The gnome king suddenly disappears!
 You have a little trouble lifting P - a +0 dagger (at the ready) (9 in total).
 There is nothing here to pick up.
 You are beginning to feel hungry.
 The gnome swings his bow.
 The gnome just misses!
 In what direction? u
 You throw 2 daggers.
 The 1st dagger hits the gnome!
 You kill the gnome!
 Your movements are now unencumbered.
 You have a little trouble lifting 2 +0 daggers.  Continue? [ynq] (q) q
 You have a little trouble lifting 2 +0 daggers.  Continue? [ynq] (q) y
 You have a little trouble lifting P - 2 +0 daggers (at the ready) (9 in total).
 Your movements are slowed slightly because of your load.
 What do you want to use or apply? [efruxyOY or ?*] ?
 What do you want to use or apply? [efruxyOY or ?*] <space>
 Never mind.
 You are hit by an elven dagger.
 The gnome hits!
 You kill the gnome!
 You have a little trouble lifting j - an agate ring.
 You see here a gnome corpse.
 You hit the dwarf.
 The dwarf swings his broad pick.
 The dwarf hits!
 In what direction? y
 The dagger hits the dwarf.
 The hobbit hits!
 The dwarf swings his broad pick.
 The dwarf hits!
 You die...
 Do you want your possessions identified? [ynq] (y) y
 Do you want to see your attributes? [ynq] (y) q

Inventory:
 Coins    ('$')
  $ - 190 gold pieces
 Amulets  ('"')
  K - an uncursed amulet of restful sleep
 Weapons  (')')
  b - a +0 dagger (alternate weapon; not wielded)
  P - 8 +0 daggers (at the ready)
  X - the fireproof +3 Orcrist (weapon in right hand)
 Armor    ('[')
  Q - an uncursed +0 helm of brilliance (being worn)
  c - an uncursed +1 leather armor (being worn)
 Scrolls  ('?')
  Z - an uncursed scroll of blank paper
  h - a cursed scroll of earth
  S - an uncursed scroll of enchant armor
  I - an uncursed scroll of light
  J - an uncursed scroll of remove curse
 Spellbooks  ('+')
  y - an uncursed spellbook of levitation
  x - an uncursed spellbook of turn undead
  Y - an uncursed spellbook of turn undead
 Potions  ('!')
  N - 2 uncursed potions of extra healing
  R - an uncursed potion of hallucination
  g - a cursed potion of levitation
  H - an uncursed potion of oil
  d - an uncursed potion of sickness
  m - a potion of holy water
  l - an uncursed potion of water
 Rings    ('=')
  j - an uncursed ring of sustain ability
 Wands    ('/')
  O - a blessed wand of stasis (0:3)
 Tools    ('(')
  f - an empty uncursed sack
  u - an uncursed blindfold
  e - an uncursed lock pick
  r - an uncursed skeleton key
 Gems/Stones  ('*')
  i - an uncursed worthless piece of black glass
  z - an uncursed worthless piece of blue glass
  A - an uncursed worthless piece of red glass
  w - 6 uncursed rocks

Brudee the Rogue's attributes:

Background:
 You were a Rogue, level 6 female human.
 You were chaotic, on a mission for Kos
 who was opposed by Issek (lawful) and Mog (neutral).
 You were right-handed.
 You were in the Gnomish Mines, on level 5.
 You entered the dungeon 2966 turns ago.
 It was nighttime.
 You had 424 experience points, 216 more were needed to attain level 7.
 Your score was 2216 before end-of-game adjustments.

Basics:
 You had 0 out of 38 hit points.
 You had all 24 energy points (spell power).
 Your armor class was 6.
 Your wallet contained 190 zorkmids.
 Autopickup was on for '$!=+?/"' plus thrown.

Final Characteristics:
 Your strength was 15 (limit:18/100).
 Your dexterity was 18 (limit:18).
 Your constitution was 15 (limit:18).
 Your intelligence was 12 (limit:18).
 Your wisdom was 9 (limit:18).
 Your charisma was 7 (limit:18).

Final Status:
 You were hungry.
 You were burdened; movement was slightly slowed.
 You were wielding a broadsword.
 You were unskilled in broadsword.

Final Attributes:
 You were piously aligned.
 You were telepathic.
 You were aware of the presence of orcs.
 You were stealthy.
 You were warded.
 You are dead.

Miscellaneous:
 You didn't encounter any bones levels.
 Total elapsed playing time was 37 minutes and 14 seconds.

Major events:
 Turn
    1: Brudee the chaotic female human Rogue entered the dungeon
  170: attained the rank of Cutpurse (level 3)
 2123: attained the rank of Rogue (level 6)
 2702: was bestowed with Orcrist by Kos
 2888: entered the Gnomish Mines
 2966: killed by a dwarf

Spells:
 Name                 Level Category     Fail Retention
 healing                1   healing       40%  76%-100%
 protection             1   clerical      40%  76%-100%

Skills:
 Fighting Skills
   bare handed combat [Unskilled]
   two weapon combat  [Unskilled]
   riding             [Unskilled]
 Weapon Skills
   dagger             [Skilled]
   knife              [Unskilled]
   short sword        [Basic]
   broadsword         [Unskilled]
   long sword         [Unskilled]
   two-handed sword   [Unskilled]
   saber              [Unskilled]
   club               [Unskilled]
   mace               [Unskilled]
   morning star       [Unskilled]
   flail              [Unskilled]
   hammer             [Unskilled]
   polearms           [Unskilled]
   spear              [Unskilled]
   crossbow           [Unskilled]
   dart               [Unskilled]
   shuriken           [Unskilled]
 Spellcasting Skills
   divination spells  [Unskilled]
   escape spells      [Unskilled]
   matter spells      [Unskilled]

Voluntary challenges:
 Character rerolling was not enabled.
 You never genocided any monsters.
 You never polymorphed an object.
 You never changed form.
 You used no wishes.
Achievements:
 You attained the rank of Cutpurse.
 You entered a shop.
 You attained the rank of Rogue.
 You entered the Gnomish Mines.

 The Dungeons of Doom: levels 1 to 7
    Level 1:
    Level 2:
       A potion shop, a fountain.
    Level 3:
       Many altars, some fountains.
    Level 4:
       Stairs down to The Gnomish Mines.
    Level 5:
       Many fountains.
    Level 6:
    Level 7:
 The Gnomish Mines:
    Level 5: <- You were here.
       Final resting place for
          you, killed by a dwarf.


Vanquished creatures:
  a blue jelly
  3 fog clouds
  a yellow light
  a gnome leader
  2 red naga hatchlings
  a guardian naga hatchling
  a gray ooze
 an elf zombie
  a straw golem
  a paper golem
  2 giant ants
  3 floating eyes
  a dwarf
  a kobold shaman
  2 rothes
  a giant bat
  a monkey
  a wererat
 an iguana
 15 acid blobs
  2 coyotes
  a hobbit
  a hobgoblin
  a cave spider
  a yellow mold
  4 gnomes
  3 garter snakes
  2 gnome zombies
  a gecko
  2 jackals
  a kobold
  3 grid bugs
  2 bats
  3 lichens
  3 newts
71 creatures vanquished.

No species were genocided or became extinct.

Game over:
                       ----------
                      /          \
                     /    REST    \
                    /      IN      \
                   /     PEACE      \
                  /                  \
                  |      Brudee      |
                  |      190 Au      |
                  |   killed by a    |
                  |      dwarf       |
                  |                  |
                  |                  |
                  |       2026       |
                 *|     *  *  *      | *
        _________)/\\_//(\/(/\)/\//\/|_)_______

Goodbye Brudee the Rogue...

You died in The Gnomish Mines on dungeon level 5 with 2197 points,
and 190 pieces of gold, after 2966 moves.
You were level 6 with a maximum of 38 hit points when you died.

